 Dungeon Crawl Stone Soup version 0.30-a0-702-gdf48620a09 (webtiles) character file.

Game seed: 12075777581634468048

149 Darius099 the Ruffian (level 5, -1/53 HPs)
             Began as a Troll Berserker on Jan 21, 2023.
             Was a Believer of Trog.
             Killed by nerve-wracking pain
             ... invoked by Jessica
              (5 damage)
             ... on level 2 of the Dungeon.
             The game lasted 00:02:20 (1198 turns).

Darius099 the Ruffian (Troll Berserker)             Turns: 1198, Time: 00:02:21

Health: -1/53      AC:  4    Str: 25    XL:     5   Next: 9%
Magic:  4/4        EV: 10    Int:  3    God:    Trog [**....]
Gold:   141        SH:  0    Dex: 11    Spells: 4/4 levels left

rFire   . . .      SeeInvis .      - Unarmed
rCold   . . .      Faith    .    (no shield)
rNeg    . . .      Spirit   .    h - +0 robe
rPois   .          Reflect  .    (helmet restricted)
rElec   .          Harm     .    (no cloak)
rCorr   .          Rampage  .    (gloves unavailable)
Will    .....                    (boots unavailable)
Stlth   +                        (no amulet)
HPRegen 1.08/turn                (no ring)
MPRegen 0.09/turn                (no ring)

@: no status effects
A: large, unfitting armour, claws 3, regeneration 1, shaggy fur 1, tough skin 1
a: Renounce Religion, Berserk, Trog's Hand


You were on level 2 of the Dungeon.
You worshipped Trog.
Trog was pleased with you.
You visited 1 branch of the dungeon, and saw 2 of its levels.

You collected 141 gold pieces.

Inventory:

Armour
 h - a +0 robe (worn)
Jewellery
 n - a ring of flight
Wands
 p - a wand of flame (6)
Scrolls
 a - a scroll of amnesia {unknown}
 c - a scroll of teleportation {unknown}
 i - a scroll of identify {unknown}
 l - a scroll of enchant weapon {unknown}
Potions
 b - 2 potions of curing {unknown}
 d - 2 potions of brilliance {unknown}
 e - a potion of mutation {unknown}
 f - a potion of lignification {unknown}
 g - a potion of heal wounds {unknown}
 j - a potion of flight {unknown}
 k - 3 potions of degeneration {unknown}
 m - a potion of ambrosia {unknown}
 o - a potion of attraction {unknown}


   Skills:
 + Level 3.4 Fighting
 + Level 3.4 Dodging
 + Level 4.1 Unarmed Combat


You had 4 spell levels left.
You didn't know any spells.
Your spell library was empty.

Dungeon Overview and Level Annotations

Branches:
Dungeon (2/15)

Altars:

Annotations:
D:2 Jessica


Innate Abilities, Weirdness & Mutations

You are too large for most types of armour.
You have claws for hands.
Your natural rate of healing is unusually fast.
You are covered in fur. (AC +1)
You have tough skin. (AC +1)


Message History

Unknown command.
Jessica is nearby!
Unknown command.
Jessica is nearby!
Unknown command.
Jessica is nearby!
Unknown command.
Jessica is nearby!
Unknown command.
Jessica is nearby!
Unknown command.
Unknown command.
Unknown command.
Unknown command.
Unknown command.
A quokka comes into view.
Found a scroll labelled MISORU BETY.
There is an open door here.
You claw the quokka!
You kill the quokka!
Trog accepts your kill.
You see here a quokka corpse.
Jessica shouts!
Jessica zaps a wand.
The bolt of dispelling energy hits you!
Jessica zaps a wand.
The bolt of dispelling energy misses you.
You scratch Jessica.
Jessica is moderately wounded.
Jessica zaps a wand.
The bolt of dispelling energy hits you!!
You scratch Jessica.
Jessica is heavily wounded.
Jessica shouts, "You are a ghastly nuisance!"
Jessica zaps a wand.
The bolt of dispelling energy hits you!
* * * LOW HITPOINT WARNING * * *
You closely miss Jessica.
Jessica is heavily wounded.
Jessica points at you and mumbles some strange words.
Pain shoots through your body!
You die...

#.### ##.#.....#######...
#...# #..#............)..
###.#####.#†......#....#.##
#.................##.†.##
#####................)..#
#..........####..##..
..#####...###.....###
..##.@.##......###...#
...#..@.?#....### ###..
#...#?....#...## ###
#...#..†..#...#
#...##...##..##
....##'##..## #.......##
##.....## #######


You could see Jessica.

Vanquished Creatures
  A scorpion (D:2)
  Terence (D:2)
  A gnoll (D:1)
  3 dart slugs
  3 endoplasms
  2 giant cockroaches (D:2)
  A hobgoblin (D:2)
  14 jackals
  A quokka (D:2)
  A ball python (D:1)
  3 bats
  2 frilled lizards
  4 goblins
  5 kobolds
  2 rats
44 creatures vanquished.

Notes
Turn   | Place    | Note
-------+----------+-------------------------------------------
     0 | D:1      | Darius099 the Troll Berserker began the quest for the Orb.
     0 | D:1      | Reached XP level 1. HP: 22/22 MP: 0/0
   129 | D:1      | Reached XP level 2. HP: 25/29 MP: 1/1
   664 | D:1      | Reached XP level 3. HP: 35/36 MP: 2/2
   871 | D:2      | Reached ** piety under Trog
   982 | D:2      | Noticed a scorpion
   992 | D:2      | Killed a scorpion
   993 | D:2      | Reached XP level 4. HP: 42/45 MP: 3/3
  1008 | D:2      | Reached skill level 4 in Unarmed Combat
  1058 | D:2      | Noticed Terence
  1065 | D:2      | Killed Terence
  1066 | D:2      | Reached XP level 5. HP: 49/53 MP: 4/4
  1189 | D:2      | Noticed Jessica
  1198 | D:2      | Killed from afar by Jessica

Illustrated notes

Levels and vault maps discovered:
D:1:      dpeg_arrival_stone_temple_mockup, layout_loops_corners
D:2:      layout_rooms, kennysheep_jessica_study, uniq_crazy_yiuf_cottage,
          uniq_terence

Skill      XL: |  1  2  3  4 |
---------------+-------------+-----
Fighting       | 3 |  3.4
Dodging        | 3 |  3.4
Unarmed Combat | 4 |  4.1

Action                   |  1- 3 |  4- 6 || total
-------------------------+-------+-------++-------
Melee: Unarmed           |    75 |    38 ||   113
       Punch             |     1 |     1 ||     2
 Stab: Sleeping          |     1 |       ||     1
Armor: Animal skin       |    14 |       ||    14
       Robe              |     7 |    15 ||    22
Dodge: Dodged            |    46 |    17 ||    63

Table legend: (Time is in decaauts)
 A = Elapsed time spent in this place.
 B = Non-inter-level travel time spent in this place.
 C = Inter-level travel time spent in this place.
 D = Time resting spent in this place.
 E = Time spent auto-exploring this place.
 F = Levels seen in this place.
 G = Mean time per level.
                   A        B        C        D        E       F      G
               +--------+--------+--------+--------+--------+-----+--------+
         Total |   1191 |   1111 |     80 |      0 |    804 |   2 |  595.5 |
       Dungeon |   1191 |   1111 |     80 |      0 |    804 |   2 |  595.5 |
               +--------+--------+--------+--------+--------+-----+--------+

Top non-repeatable levels by time:
     D:1: 843 daAuts
     D:2: 347 daAuts
